AoeStats
← AvidJr

Yucatan

503203936Analyzed
2v2 RM · 1mo ago on Aug 30, 2026· 35m 29s· 4 players
Game mode
Random Map
Map size
Medium (4 player)
Population
200
Speed
Normal
Resources
Standard
Victory
Conquest
Starting age
Dark Age
Ending age
Imperial Age
RankedLock teamsTeams togetherTeam positionsShared explorationLock speedFull tech treeHidden civsTurbo modeCheats
Victory
Defeat
🇨🇴 Franks · Colombia
1279
+17
🇨🇴 Vikings · Colombia
1220
+19
🇦🇷 Shu · Argentina
1302
-18
🇦🇷 Wei · Argentina
1283
-18
Mayhem
7:05 Loom
9:23 Feudal Age
9:51 Double-Bit Axe
9:52 Horse Collar
11:11 Town Watch
12:03 Gold Mining
12:04 Stone Mining
15:05 Scale Barding Armor
17:20 Castle Age
16:22 Forging
17:26 Bloodlines
18:38 Bow Saw
20:18 Heavy Plow
21:10 Husbandry
21:55 Wheelbarrow
23:02 Chain Barding Armor
23:47 Fletching
24:56 Bodkin Arrow
25:32 Hand Cart
25:55 Gold Shaft Mining
28:06 Stone Shaft Mining
29:15 Iron Casting
Mark Renton
7:49 Loom
11:38 Feudal Age
16:51 Castle Age
16:03 Fletching
16:58 Double-Bit Axe
16:54 Crossbowman
17:30 Bodkin Arrow
17:32 Town Watch
18:26 Bow Saw
24:47 Ballistics
35:18 Wheelbarrow
AvidJr
10:06 Loom
11:52 Feudal Age
16:12 Castle Age
15:02 Double-Bit Axe
15:15 Gold Mining
15:49 Scale Barding Armor
15:54 Forging
18:09 Bow Saw
26:50 Husbandry
30:06 Chain Barding Armor
30:55 Wheelbarrow
31:42 Iron Casting
32:30 Gold Shaft Mining
31:50 Stone Mining
35:55 Imperial Age
Alud | lllpollo
6:24 Loom
9:50 Feudal Age
10:19 Horse Collar
10:20 Man-at-Arms
19:29 Castle Age
19:35 Castle Age
17:42 Scale Mail Armor
17:39 Arson
18:18 Gold Mining
18:48 Forging
20:03 Gambesons
19:39 Long Swordsman
20:46 Squires
22:58 Chain Mail Armor
24:41 Iron Casting
25:03 Heavy Plow
33:56 Imperial Age
33:34 Pikeman
Connection lost

Rejoining the realm…

Still unreachable

The connection could not be restored.

Session expired

The server has moved on; the page needs a fresh start.